 Dungeon Crawl Stone Soup version 0.30-a0-728-gc68057be0a (webtiles) character file.

Game seed: 3032590352340431857

3790 drewk1942 the Prestidigitator (level 10, -16/76 HPs)
             Began as a Gnoll Wanderer on Jan 30, 2023.
             Was an Elder of Dithmenos.
             Demolished by a skeletal warrior
             ... wielding a +0 scimitar
              (19 damage)
             ... on level 8 of the Dungeon.
             The game lasted 00:12:09 (6278 turns).

drewk1942 the Prestidigitator (Gnoll Wanderer)      Turns: 6278, Time: 00:12:10

Health: -16/76     AC:  7    Str: 11    XL:     10   Next: 16%
Magic:  17/17      EV: 10    Int:  9    God:    Dithmenos [****..]
Gold:   388        SH: 12    Dex: 22    Spells: 19/19 levels left

rFire   . . .      SeeInvis .    j - +7 spear "Goblinbane" {elec, rPois Dex+3}
rCold   + . .      Faith    .    D - +1 kite shield
rNeg    + . .      Spirit   .    C - +0 scale mail {rC+}
rPois   +          Reflect  .    h - +0 hat
rElec   .          Harm     .    G - scarf {+Inv}
rCorr   .          Rampage  .    (no gloves)
Will    .....                    (no boots)
Stlth   +++                      (no amulet)
HPRegen 0.32/turn                y - ring of positive energy
MPRegen 0.15/turn                (no ring)

@: wreathed by umbra
A: fangs 1, strong nose, distributed training
a: Renounce Religion, Evoke Invisibility, Shadow Step


You were on level 8 of the Dungeon.
You worshipped Dithmenos.
Dithmenos was greatly pleased with you.
You visited 1 branch of the dungeon, and saw 9 of its levels.

You collected 388 gold pieces.

Inventory:

Hand Weapons
 a - a +0 short sword
 j - the +7 spear "Goblinbane" (weapon) {elec, rPois Dex+3}
   (You found it on level 2 of the Dungeon)

   Dex:       It affects your dexterity (+3).
   rPois:     It protects you from poison.
 p - a +5 sling of freezing
 v - a +2 flail of holy wrath
Missiles
 i - 12 poisoned darts (quivered)
Armour
 c - a +0 ring mail
 h - a +0 hat (worn)
 w - a +0 scale mail
 C - a +0 scale mail of cold resistance (worn)
 D - a +1 kite shield (worn)
 E - +0 storm dragon scales
 G - a scarf of invisibility (worn)
Jewellery
 y - a ring of positive energy (left hand)
 F - a ring of see invisible
Scrolls
 d - 2 scrolls of blinking
 g - 5 scrolls of identify
 o - 4 scrolls of fear
 r - 2 scrolls of fog
 t - 2 scrolls of vulnerability {unknown}
 x - 2 scrolls of teleportation {unknown}
Potions
 b - 2 potions of resistance {unknown}
 e - a potion of mutation {unknown}
 f - 3 potions of curing
 l - 3 potions of heal wounds {unknown}
 q - a potion of might {unknown}
 s - 2 potions of lignification {unknown}
 u - 2 potions of brilliance {unknown}
 z - a potion of haste
 A - 2 potions of ambrosia {unknown}
 B - 2 potions of flight {unknown}


   Skills:
 + Level 5.9 Fighting
 + Level 7.0 Short Blades
 + Level 5.2 Long Blades
 + Level 5.2 Axes
 + Level 5.2 Maces & Flails
 + Level 5.2 Polearms
 + Level 5.2 Staves
 + Level 5.2 Ranged Weapons
 + Level 5.2 Throwing
 + Level 5.9 Armour
 + Level 5.2 Dodging
 + Level 5.2 Stealth
 + Level 5.2 Shields
 + Level 5.2 Unarmed Combat
 + Level 5.2 Spellcasting
 + Level 4.3 Conjurations
 + Level 4.3 Hexes
 + Level 4.3 Summonings
 + Level 4.3 Necromancy
 + Level 4.3 Translocations
 + Level 4.3 Transmutations
 + Level 4.3 Fire Magic
 + Level 4.3 Ice Magic
 + Level 4.3 Air Magic
 + Level 4.3 Earth Magic
 + Level 4.3 Poison Magic
 + Level 6.3 Invocations
 + Level 11.6 Evocations


You had 19 spell levels left.
You didn't know any spells.
Your spell library contained the following spells:

 Spells                   Type           Power      Damage    Failure   Level
 Freeze                   Ice            40%        1d6       50%         1
 Blink                    Tloc           20%        N/A       65%         2
 Lesser Beckoning         Tloc           20%        N/A       65%         2
 Frozen Ramparts          Ice            20%        1d4       86%         3
 Hailstorm                Conj/Ice       10%        3d5       86%         3
 Summon Guardian Golem    Hex/Summ       10%        N/A       86%         3
 Ice Form                 Ice/Tmut       10%        N/A       99%         4
 Borgnjor's Vile Clutch   Necr/Erth      5%         N/A       100%        5
 Simulacrum               Ice/Necr       5%         N/A       100%        6
 Orb of Destruction       Conj           5%         9d5       100%        7
 Spellforged Servitor     Conj/Summ      5%         N/A       100%        7


Dungeon Overview and Level Annotations

Branches:
Dungeon (9/15)             Temple (0/1) D:6            Lair (0/5) D:8
    Orc: D:9-12

Altars:
Dithmenos
Ru
Xom


Innate Abilities, Weirdness & Mutations

You have very sharp teeth.
Your uncanny sense of smell can sniff out nearby items.
Your experience applies equally to all skills.


Message History

You hit the skeletal warrior but do no damage.
Lightning courses through the skeletal warrior!!
The skeletal warrior is moderately damaged.
You block the skeletal warrior's attack.
You hit the skeletal warrior but do no damage.
Lightning courses through the skeletal warrior!!
The skeletal warrior is heavily damaged.
You block the skeletal warrior's attack.
You completely miss the skeletal warrior.
The skeletal warrior is heavily damaged.
The skeletal warrior misses you.
You barely miss the skeletal warrior.
The skeletal warrior is heavily damaged.
The skeletal warrior hits you with a +0 scimitar!
You hit the skeletal warrior.
The skeletal warrior is severely damaged.
The skeletal warrior hits you with a +0 scimitar!!
* * * LOW HITPOINT WARNING * * *
You hit the skeletal warrior.
The skeletal warrior is severely damaged.
You block the skeletal warrior's attack.
You hit the skeletal warrior but do no damage.
The skeletal warrior is severely damaged.
You block the skeletal warrior's attack.
You closely miss the skeletal warrior.
The skeletal warrior is severely damaged.
You closely miss the skeletal warrior.
The skeletal warrior is severely damaged.
The skeletal warrior hits you with a +0 scimitar.
* * * LOW HITPOINT WARNING * * *
You hit the skeletal warrior but do no damage.
Lightning courses through the skeletal warrior!!
The skeletal warrior is almost destroyed.
The skeletal warrior hits you with a +0 scimitar!
* * * LOW HITPOINT WARNING * * *
You completely miss the skeletal warrior.
You bite the skeletal warrior, but do no damage.
The skeletal warrior is almost destroyed.
The skeletal warrior hits you with a +0 scimitar!!
You die...

.#######...##.# #.#
#...≈...#..##.### #.#
..#...#.........## #.#
.##P..##...##....# #.#
...PPP...#.####..# #.#
≈.P.>...≈#.# #..# #.#
...P...).#.# #..# #.#
.##...##...####..# #.#
..#...#........z@# #.##########
#...≈...#...###..#####.##....[...
.#######...## ##...<..)##.#######
......###### #.###..###.##
#####.# #.# #..##...# # #.# #.#
#..##...# # #.# #.# #.......#
#####.# #.# ##.##..(#
....#.##########.# #.###..#


You could see a skeletal warrior.

Vanquished Creatures
  A two-headed ogre (D:5)
  Grinder (D:5)
  A wyvern (D:8)
  Eustachio (D:6)
  Edmund (D:5)
  A steam dragon (D:8)
  A sky beast (D:7)
  5 black bears
  2 ogres
  A phantom (D:5)
  2 kobold brigands (D:7)
  2 bullfrogs
  2 scorpions
  4 necrophages
  5 wights (D:8)
  A howler monkey (D:8)
  A gnoll bouda (D:4)
  4 hounds
  3 jellies
  An orc priest (D:6)
  7 iguanas
  An orc wizard (D:8)
  5 gnolls (D:4)
  12 adders
  2 white imps
  2 ufetubi
  3 worms
  A dart slug (D:1)
  12 orcs
  8 ball pythons
  7 bats
  8 endoplasms
  A giant cockroach (D:3)
  7 goblins
  3 hobgoblins
  11 jackals
  16 kobolds
  6 quokkas
  3 frilled lizards
  8 rats
163 creatures vanquished.

Vanquished Creatures (others)
  2 fungi (D:8)
  4 plants (D:8)
6 creatures vanquished.

Grand Total: 169 creatures vanquished

Notes
Turn   | Place    | Note
-------+----------+-------------------------------------------
     0 | D:1      | Reached skill level 10 in Evocations
     0 | D:1      | drewk1942 the Gnoll Wanderer began the quest for the Orb.
     0 | D:1      | drewk1942 set off with the following items: a +0 short
                  | sword, a wand of flame (19), a +0 ring mail, a scroll of
                  | blinking.
     0 | D:1      | Reached XP level 1. HP: 17/17 MP: 2/2
   109 | D:1      | Reached XP level 2. HP: 14/23 MP: 3/3
   122 | D:1      | Found a faded altar of an unknown god.
   167 | D:1      | Prayed at the altar of an unknown god.
   167 | D:1      | Became a worshipper of Dithmenos the Shadowed
   167 | D:1      | Reached * piety under Dithmenos
   534 | D:1      | Reached XP level 3. HP: 14/28 MP: 4/4
   801 | D:2      | Reached ** piety under Dithmenos
   817 | D:2      | Reached skill level 1 in Long Blades
   817 | D:2      | Reached skill level 1 in Axes
   817 | D:2      | Reached skill level 1 in Maces & Flails
   817 | D:2      | Reached skill level 1 in Polearms
   817 | D:2      | Reached skill level 1 in Staves
   817 | D:2      | Reached skill level 1 in Ranged Weapons
   817 | D:2      | Reached skill level 1 in Throwing
   817 | D:2      | Reached skill level 1 in Dodging
   817 | D:2      | Reached skill level 1 in Stealth
   817 | D:2      | Reached skill level 1 in Shields
   817 | D:2      | Reached skill level 1 in Unarmed Combat
   817 | D:2      | Reached skill level 1 in Spellcasting
  1015 | D:2      | Identified the +7 spear "Goblinbane" {elec, rPois Dex+3}
  1052 | D:2      | Reached XP level 4. HP: 34/34 MP: 6/6
  1079 | D:2      | Got the Papyrus of the Mackerel
  1168 | D:2      | Reached skill level 1 in Conjurations
  1168 | D:2      | Reached skill level 1 in Hexes
  1168 | D:2      | Reached skill level 1 in Summonings
  1168 | D:2      | Reached skill level 1 in Necromancy
  1168 | D:2      | Reached skill level 1 in Translocations
  1168 | D:2      | Reached skill level 1 in Transmutations
  1168 | D:2      | Reached skill level 1 in Fire Magic
  1168 | D:2      | Reached skill level 1 in Ice Magic
  1168 | D:2      | Reached skill level 1 in Air Magic
  1168 | D:2      | Reached skill level 1 in Earth Magic
  1168 | D:2      | Reached skill level 1 in Poison Magic
  1789 | D:3      | Reached XP level 5. HP: 40/40 MP: 7/7
  2300 | D:4      | Reached *** piety under Dithmenos
  2341 | D:4      | HP: 1/39 [necrophage (4)]
  2358 | D:3      | Reached skill level 5 in Short Blades
  2358 | D:3      | Reached XP level 6. HP: 11/47 MP: 7/9
  2978 | D:5      | Entered Level 5 of the Dungeon
  2978 | D:5      | Noticed a black bear
  2981 | D:5      | Killed a black bear
  2982 | D:5      | Reached XP level 7. HP: 48/52 MP: 10/10
  2998 | D:5      | Found a shimmering altar of Xom.
  3087 | D:5      | Noticed Edmund
  3119 | D:5      | Killed Edmund
  3263 | D:5      | Reached XP level 8. HP: 49/60 MP: 12/12
  3304 | D:5      | Noticed Grinder
  3310 | D:5      | Killed Grinder
  3382 | D:5      | Reached skill level 11 in Evocations
  3505 | D:5      | Noticed a two-headed ogre
  3514 | D:5      | Killed a two-headed ogre
  3515 | D:5      | Reached skill level 5 in Invocations
  3515 | D:5      | Reached XP level 9. HP: 45/67 MP: 13/15
  3767 | D:6      | Reached skill level 5 in Fighting
  3767 | D:6      | Reached skill level 5 in Armour
  3787 | D:6      | Found a staircase to the Ecumenical Temple.
  3935 | D:6      | Noticed Eustachio
  3949 | D:6      | Killed Eustachio
  4579 | D:7      | Reached **** piety under Dithmenos
  5059 | D:7      | Found a sacrificial altar of Ru.
  5469 | D:8      | Reached skill level 5 in Long Blades
  5469 | D:8      | Reached skill level 5 in Axes
  5469 | D:8      | Reached skill level 5 in Maces & Flails
  5469 | D:8      | Reached skill level 5 in Polearms
  5469 | D:8      | Reached skill level 5 in Staves
  5469 | D:8      | Reached skill level 5 in Ranged Weapons
  5469 | D:8      | Reached skill level 5 in Throwing
  5469 | D:8      | Reached skill level 5 in Dodging
  5469 | D:8      | Reached skill level 5 in Stealth
  5469 | D:8      | Reached skill level 5 in Shields
  5469 | D:8      | Reached skill level 5 in Unarmed Combat
  5469 | D:8      | Reached skill level 5 in Spellcasting
  5469 | D:8      | Reached XP level 10. HP: 76/76 MP: 17/17
  5721 | D:8      | Found a staircase to the Lair.
  6257 | D:9      | Noticed a skeletal warrior
  6257 | D:9      | Noticed a skeletal warrior
  6258 | D:9      | Noticed a skeletal warrior
  6277 | D:8      | HP: 2/76 [skeletal warrior/+0 scimitar (15)]
  6278 | D:8      | Demolished by a skeletal warrior

Illustrated notes

Levels and vault maps discovered:
D:1:      dpeg_arrival_solitude, layout_basic,
          hellmonk_ecumenical_altar_arch_garden
D:2:      layout_basic, minmay_circle_x
D:3:      layout_basic, minmay_misc_feat_ornament
D:4:      layout_rooms
D:5:      layout_basic, pf_just_have_faith, kennysheep_pointless_box,
          minmay_misc_feat_tiny, uniq_edmund, uniq_grinder
D:6:      layout_basic, minmay_temple_entry_hall, uniq_eustachio
D:7:      layout_gridville, kennysheep_little_box,
          nicolae_concentric_dashed_squares_mild
D:8:      layout_loops_ring, dpeg_oklobed_lair
D:9:      layout_irregular_city, nicolae_yredelemnul_ghost_church,
          amcnicky_altar_gilded, nicolae_shop_clearance

Skill      XL: |  1  2  3  4  5  6  7  8  9 10 |
---------------+-------------------------------+-----
Evocations     | 11 | 11.6
Long Blades    | 1 2 3 4 5 |  5.2
Axes           | 1 2 3 4 5 |  5.2
Maces & Flails | 1 2 3 4 5 |  5.2
Polearms       | 1 2 3 4 5 |  5.2
Staves         | 1 2 3 4 5 |  5.2
Ranged Weapons | 1 2 3 4 5 |  5.2
Throwing       | 1 2 3 4 5 |  5.2
Dodging        | 1 2 3 4 5 |  5.2
Stealth        | 1 2 3 4 5 |  5.2
Shields        | 1 2 3 4 5 |  5.2
Unarmed Combat | 1 2 3 4 5 |  5.2
Spellcasting   | 1 2 3 4 5 |  5.2
Conjurations   | 1 2 3 4 |  4.3
Hexes          | 1 2 3 4 |  4.3
Summonings     | 1 2 3 4 |  4.3
Necromancy     | 1 2 3 4 |  4.3
Translocations | 1 2 3 4 |  4.3
Transmutations | 1 2 3 4 |  4.3
Fire Magic     | 1 2 3 4 |  4.3
Ice Magic      | 1 2 3 4 |  4.3
Air Magic      | 1 2 3 4 |  4.3
Earth Magic    | 1 2 3 4 |  4.3
Poison Magic   | 1 2 3 4 |  4.3
Invocations    | 3 4 5 6 |  6.3
Fighting       | 3 4 5 |  5.9
Armour         | 3 4 5 |  5.9
Short Blades   | 5 6 7 |  7.0

Action                     |  1- 3 |  4- 6 |  7- 9 | 10-12 || total
---------------------------+-------+-------+-------+-------++-------
  Melee: Short sword       |   129 |       |       |       ||   129
         Bite              |    15 |     7 |    19 |     6 ||    47
         Punch             |     1 |     1 |     5 |       ||     7
         Spear             |     6 |   110 |   219 |    63 ||   398
  Throw: Dart              |       |       |     3 |       ||     3
  Evoke: Wand              |     6 |     3 |    10 |       ||    19
    Use: Potion            |       |     3 |       |       ||     3
         Scroll            |       |     1 |       |     7 ||     8
   Stab: Sleeping          |       |    11 |     8 |     5 ||    24
         Distracted        |       |       |       |     1 ||     1
 Armour: Ring mail         |    65 |    23 |     2 |       ||    90
         Scale mail        |       |       |    81 |     6 ||    87
  Dodge: Dodged            |   109 |    53 |   142 |    11 ||   315
  Block: Kite shield       |       |       |       |    15 ||    15

Table legend: (Time is in decaauts)
 A = Elapsed time spent in this place.
 B = Non-inter-level travel time spent in this place.
 C = Inter-level travel time spent in this place.
 D = Time resting spent in this place.
 E = Time spent auto-exploring this place.
 F = Levels seen in this place.
 G = Mean time per level.
                   A        B        C        D        E       F      G
               +--------+--------+--------+--------+--------+-----+--------+
         Total |   6225 |   5968 |    257 |    242 |   4536 |   9 |  691.7 |
       Dungeon |   6225 |   5968 |    257 |    242 |   4536 |   9 |  691.7 |
               +--------+--------+--------+--------+--------+-----+--------+

Top non-repeatable levels by time:
     D:7: 885 daAuts
     D:3: 852 daAuts
     D:6: 844 daAuts
     D:2: 811 daAuts
     D:8: 784 daAuts
     D:1: 748 daAuts
     D:5: 734 daAuts
     D:4: 538 daAuts
     D:9: 25 daAuts
